 Dungeon Crawl Stone Soup version 0.22-a0-858-g985ef60 (webtiles) character file.

310 Amnesiac the Vexing (level 6, -5/41 HPs)
             Began as a Mummy Enchanter on July 27, 2018.
             Was an Initiate of Dithmenos.
             Slain by a wyvern skeleton (11 damage)
             ... on level 8 of the Dungeon.
             The game lasted 00:10:25 (3721 turns).

Amnesiac the Vexing (Mummy Enchanter)               Turns: 3721, Time: 00:10:26

Health: -5/41      AC:  7    Str:  9    XL:     6   Next: 18%
Magic:  2/13       EV: 11    Int: 16    God:    Dithmenos [......]
Gold:   158        SH:  0    Dex: 12    Spells: 2/14 levels left

rFire    x . .     SeeInvis .   a - +3 dagger
rCold    + + +     Gourm    .   (no shield)
rNeg     + + +     Faith    .   c - +3 leather armour of Kikubaaqudgha's Pride {rC+ rN+ Regen+ Str-3}
rPois    ∞         Spirit   .   (no helmet)
rElec    .         Reflect  .   (no cloak)
rCorr    .         Harm     .   (no gloves)
MR       .....                  e - +0 pair of boots
Stlth    ++........             (no amulet)
HPRegen  0.53/turn              g - ring of protection from cold
MPRegen  0.13/turn              (no ring)

@: no status effects
A: no food or potions, fire vulnerability, cold resistance 1, negative energy
resistance 3, torment resistance, unbreathing
a: Renounce Religion


You were on level 8 of the Dungeon.
You worshipped Dithmenos.
Dithmenos was noncommittal.
You were not hungry.

You visited 1 branch of the dungeon, and saw 8 of its levels.

You collected 158 gold pieces.

Inventory:

Hand Weapons
 a - a +3 dagger (weapon)
Armour
 c - the +3 leather armour of Kikubaaqudgha's Pride (worn) {rC+ rN+ Regen+ Str-3}
   (You found it on level 5 of the Dungeon)

   It affects your strength (-3).
   It protects you from cold.
   It protects you from negative energy.
   It increases your rate of regeneration.
 e - a +0 pair of boots (worn)
Jewellery
 g - a ring of protection from cold (left hand)


   Skills:
 * Level 1.2 Short Blades
 - Level 1.5 Dodging
 + Level 3.1 Stealth
 + Level 4.8 Spellcasting
 - Level 5.0 Hexes


You had 2 spell levels left.
You knew the following spells:

 Your Spells              Type           Power        Failure   Level  Hunger
a - Ensorcelled Hibernat  Hex/Ice        ##....       12%         2    N/A
b - Corona                Hex            ###....      2%          1    N/A
d - Dazzling Spray        Conj/Hex       ##....       24%         3    N/A
e - Confuse               Hex            ###.....     9%          3    N/A
w - Tukima's Dance        Hex            ###.....     9%          3    N/A

Your spell library contained the following spells:

 Spells                   Type           Power        Failure   Level  Hunger


Dungeon Overview and Level Annotations

Branches:
Dungeon (8/15)
 Temple: D:4-7         Lair: D:8-11

Altars:
Dithmenos
Elyvilon
Kikubaaqudgha
Nemelex Xobeh
Qazlal
Uskayaw
Beogh

Shops:
D:4 !   D:8 [

Annotations:
D:4 exclusions: scorpion and worker ant
D:5 3 runed doors, pyroka's ghost, novice MiFi


Innate Abilities, Weirdness & Mutations

You do not eat or drink.
Your flesh is vulnerable to fire.
You are immune to poison.
Your flesh is cold resistant. (rC+)
You are immune to negative energy. (rN+++)
You are immune to unholy pain and torment.
You can survive without breathing.


Message History

Press: ? - help, Shift-Dir - straight line, f/p - orc warrior
Aim: an orc warrior, wielding a long sword and wearing a chain mail (heavily wounded, confused, chance to defeat MR: 57%)
The long sword dances into the air!
The bullfrog hits your long sword. The orc warrior hits your long sword!
Your long sword falls from the air.
The orc warrior barely misses the bullfrog.
Casting: Tukima's Dance (safe; 9% risk of failure)
Confirm with . or Enter, or press ? or * to list all spells.
Aiming: Confuse (safe; 9% risk of failure)
Press: ? - help, Shift-Dir - straight line, f/p - orc warrior
Aim: an orc warrior, wearing a chain mail (heavily wounded, confused, chance to defeat MR: 50%)
The orc warrior appears confused.
Unknown command.
Casting: Confuse (safe; 9% risk of failure)
Confirm with . or Enter, or press ? or * to list all spells.
Aiming: Confuse (safe; 9% risk of failure)
Press: ? - help, Shift-Dir - straight line, f - wyvern skeleton
Aim: a wyvern skeleton (lightly damaged, chance to defeat MR: 62%)
The wyvern skeleton resists with significant effort.
The wyvern skeleton bites you but does no damage.
The wyvern skeleton misses you.
Unknown command.
You hear a croak.
The wyvern skeleton misses you.
You see here a bullfrog corpse.
Okay, then.
You completely miss the wyvern skeleton.
The wyvern skeleton is lightly damaged.
The wyvern skeleton bites you but does no damage.
Dithmenos accepts your kill.
You feel a bit more experienced.
Really read
b - a scroll of enchant weapon {!r}?
Okay, then.
Okay, then.
Really read
b - a scroll of enchant weapon {!r}?
As you read the scroll of enchant weapon {!r}, it crumbles to dust.
Your +2 dagger glows red for a moment.
The wyvern skeleton barely misses you. x2
You hit the wyvern skeleton.
The wyvern skeleton is lightly damaged.
The wyvern skeleton bites you!
You hit the wyvern skeleton.
The wyvern skeleton is moderately damaged.
The wyvern skeleton misses you.
You barely miss the wyvern skeleton.
The wyvern skeleton is moderately damaged.
The wyvern skeleton bites you!
* * * LOW HITPOINT WARNING * * *
You hit the wyvern skeleton.
The wyvern skeleton is heavily damaged.
The wyvern skeleton bites you.
* * * LOW HITPOINT WARNING * * *
You hit the wyvern skeleton but do no damage.
The wyvern skeleton is heavily damaged.
The wyvern skeleton bites you.
* * * LOW HITPOINT WARNING * * *
The wyvern skeleton bites you.
* * * LOW HITPOINT WARNING * * *
You barely miss the wyvern skeleton.
The wyvern skeleton is heavily damaged.
The wyvern skeleton bites you but does no damage.
You hit the wyvern skeleton.
The wyvern skeleton is heavily damaged.
The wyvern skeleton bites you!
You die...

#### ...## %...##
.....#########
.............#
.....##.####.# #######
....##.###...###@Z.o.#
$..##..#E#...#E#####.#
######.###...#### #.#
##.........####.#####
#...._....Z........#
#...........##.###.#
####...####.##.# #.#
#E#...#E##.##.# #.#
###...###.....# #o#


You could see an orc and a wyvern skeleton.

Vanquished Creatures
  A dancing weapon (D:8)
  A centaur (D:5)
  2 bullfrogs (D:8)
  A centaur skeleton (D:7)
  2 worker ants
  A hound zombie (D:8)
  2 adders
  An adder skeleton (D:5)
  A dart slug (D:1)
  3 leopard geckos
  5 orcs
  3 giant cockroaches
  A hobgoblin (D:1)
  A kobold (D:1)
  A quokka (D:5)
  2 frilled lizards
  A jackal skeleton (D:5)
  2 rats
31 creatures vanquished.

Notes
Turn   | Place    | Note
-------+----------+-------------------------------------------
     0 | D:1      | Amnesiac the Mummy Enchanter began the quest for the Orb.
     0 | D:1      | Reached XP level 1. HP: 13/13 MP: 4/4
   151 | D:1      | Reached skill level 1 in Short Blades
   166 | D:1      | Reached skill level 3 in Hexes
   485 | D:2      | Reached XP level 2. HP: 19/19 MP: 3/5
  1174 | D:4      | Noticed a scorpion
  1243 | D:4      | Reached XP level 3. HP: 3/24 MP: 4/7
  1248 | D:4      | Learned a level 3 spell: Confuse
  1252 | D:4      | Learned a level 3 spell: Tukima's Dance
  1451 | D:4      | Found Hiumotau's Distillery.
  2303 | D:5      | Entered Level 5 of the Dungeon
  2322 | D:5      | Got a slimy leather armour
  2325 | D:5      | Found a sparkling altar of Nemelex Xobeh.
  2354 | D:5      | Identified the +3 leather armour of Kikubaaqudgha's Pride {rC+ rN+ Regen+ Str-3} (You found it on level 5 of the Dungeon)
  2357 | D:5      | Noticed a centaur
  2361 | D:5      | Killed a centaur
  2361 | D:5      | Reached skill level 4 in Hexes
  2361 | D:5      | Reached XP level 4. HP: 30/30 MP: 4/9
  2390 | D:5      | Learned a level 2 spell: Ensorcelled Hibernation
  2392 | D:5      | Found a white marble altar of Elyvilon.
  2600 | D:5      | Found a runed gate.
  2601 | D:5      | Noticed pyroka's ghost (novice MiFi)
  2601 | D:5      | Found a runed gate.
  2602 | D:5      | Found a runed gate.
  2881 | D:5      | Found a roughly hewn altar of Beogh.
  3001 | D:5      | Reached XP level 5. HP: 23/35 MP: 2/11
  3058 | D:5      | Learned a level 3 spell: Dazzling Spray
  3172 | D:6      | Found an ancient bone altar of Kikubaaqudgha.
  3177 | D:6      | Found a hide-covered altar of Uskayaw.
  3272 | D:6      | You fall through a shaft for 2 floors!
  3287 | D:8      | Found Poumad's Armour Shop.
  3357 | D:8      | Noticed a black bear
  3358 | D:8      | Found a shadowy altar of Dithmenos.
  3365 | D:8      | Became a worshipper of Dithmenos the Shadowed
  3558 | D:8      | Found a stormy altar of Qazlal.
  3558 | D:8      | Noticed a fire elemental
  3559 | D:8      | Noticed a water elemental
  3559 | D:8      | Noticed an air elemental
  3565 | D:8      | Noticed an orc warrior
  3608 | D:8      | Reached skill level 5 in Hexes
  3608 | D:8      | Reached XP level 6. HP: 38/41 MP: 3/13
  3721 | D:8      | Slain by a wyvern skeleton

Vault maps used:
D:1:      giann_horns, xom_teletrap_fun
D:3:      tso_metal_star, serial_glass, glass_columns_a, glass_columns_c,
          first_ration, uniq_robin
D:4:      serial_shops, shop_fountains
D:5:      nemelex_xobeh_ov_fountains_minmay, biasface_ghost_orc_armoury,
          elyvilon_altar_3
D:6:      minitemple, minmay_temple_entry_mist, basic_altar,
          minmay_stone_trees_small
D:7:      minmay_the_grid_square_5x5_3x3, ebering_ghost_rock_garden,
          kennysheep_small_circle, uniq_duvessa
D:8:      nicolae_qazlal_style_of_elements,
          nicolae_dithmenos_through_a_glass_darkly, serial_shops, shop

Skill      XL: |  1  2  3  4  5 |
---------------+----------------+-----
Short Blades   | 1 |  1.2
Hexes          | 3 4 5 |  5.0
Spellcasting   | 3 4 |  4.8
Stealth        | 3 |  3.1
Dodging        | |  1.5

Action                   |  1- 3 |  4- 6 || total
-------------------------+-------+-------++-------
Melee: Dagger            |    88 |   145 ||   233
 Cast: Corona            |    20 |       ||    20
       Confuse           |     1 |    18 ||    19
       Ensorcelled Hiber |       |     6 ||     6
       Dazzling Spray    |       |     1 ||     1
       Tukima's Dance    |       |     1 ||     1
  Use: Scroll            |     7 |     2 ||     9
 Stab: Sleeping          |       |     3 ||     3
       Confused          |       |     1 ||     1
Armor: Robe              |    17 |       ||    17
       Leather armour    |       |    77 ||    77
Dodge: Dodged            |    79 |   123 ||   202

Table legend:
 A = Spawn XP
 B = Non-spawn XP
 C = Spawn XP percentage of total XP
 D = Spawn monster count
 E = Non-spawn monster count
 F = Spawn count percentage of total count
 G = Total turns spent on level
                    A         B        C        D         E        F      G
               +---------+---------+-------+---------+---------+-------+---------
         Total |       0 |     444 |   0.0 |       0 |      30 |   0.0 |  3721
               +---------+---------+-------+---------+---------+-------+---------
           D:1 |       0 |      11 |   0.0 |       0 |       5 |   0.0 |   432
           D:2 |       0 |      17 |   0.0 |       0 |       3 |   0.0 |   232
           D:3 |       0 |       3 |   0.0 |       0 |       2 |   0.0 |   288
           D:4 |       0 |      18 |   0.0 |       0 |       3 |   0.0 |  1353
           D:5 |       0 |     161 |   0.0 |       0 |       8 |   0.0 |   821
           D:6 |       0 |       6 |   0.0 |       0 |       2 |   0.0 |   146
           D:7 |       0 |      37 |   0.0 |       0 |       1 |   0.0 |    10
           D:8 |       0 |     191 |   0.0 |       0 |       6 |   0.0 |   439
               +---------+---------+-------+---------+---------+-------+---------
